 Dungeon Crawl Stone Soup version 0.24.0-123-gd5b16e6ec5 (webtiles) character file.

Game seed: 1338486522378221871, levelgen mode: deterministic

88 FluffierThanThou the Skirmisher (level 4, 0/37 HPs)
             Began as a Demonspawn Fighter on Jan 17, 2020.
             Killed from afar by an orc wizard (7 damage)
             ... with a puff of flame
             ... on level 2 of the Dungeon.
             The game lasted 00:02:40 (1272 turns).

FluffierThanThou the Skirmisher (DsFi)              Turns: 1272, Time: 00:02:41

Health: 0/37       AC:  6    Str: 14 (17) XL:     4   Next: 29%
Magic:  4/4        EV:  6    Int: 15      God:
Gold:   71         SH:  8    Dex: 11 (12) Spells: 3/3 levels left

rFire    . . .     SeeInvis .   a - +0 war axe
rCold    . . .     Gourm    .   c - +0 shield
rNeg     . . .     Faith    .   b - +0 scale mail
rPois    .         Spirit   .   (no helmet)
rElec    .         Reflect  .   (no cloak)
rCorr    .         Harm     .   (no gloves)
MR       .....                  (no boots)
Stlth    ..........             (no amulet)
HPRegen  0.12/turn              (no ring)
MPRegen  0.09/turn              (no ring)

@: brilliant
A: talons 1
a: no special abilities


You were on level 2 of the Dungeon.
You were not hungry.

You visited 1 branch of the dungeon, and saw 2 of its levels.

You collected 71 gold pieces.

Inventory:

Hand Weapons
 a - a +0 war axe (weapon)
Armour
 b - a +0 scale mail (worn)
 c - a +0 shield (worn)
Scrolls
 g - 2 scrolls of teleportation {unknown}
 h - 3 scrolls of identify {unknown}
 i - 3 scrolls of enchant armour {unknown}
 j - a scroll of magic mapping {unknown}
 l - a scroll of blinking {unknown}
 m - a scroll of enchant weapon {unknown}
 n - a scroll of fear {unknown}
 o - a scroll of remove curse {unknown}
Potions
 k - a potion of degeneration {!q}
Comestibles
 d - a chunk of flesh
 e - 2 rations {!d}


   Skills:
 * Level 4.0 Fighting
 + Level 2.4 Axes
 + Level 3.1 Armour
 + Level 3.2 Shields


You had 3 spell levels left.
You didn't know any spells.
Your spell library was empty.

Dungeon Overview and Level Annotations

Branches:
Dungeon (2/15)

Altars:


Innate Abilities, Weirdness & Mutations

You have sharp toenails.


Message History

You slash the frilled lizard!
You kill the frilled lizard!
You see here a frilled lizard corpse.
You butcher the frilled lizard corpse.
d - 5 chunks of flesh (gained 1)
You see here a frilled lizard skeleton. 2 orcs, an orc warrior and an orc wizard come into view.
The orc wizard shouts!
The orc shouts! x2
The orc wizard casts a spell.
The orc wizard flickers and vanishes!
Deactivating autopickup; reactivate with Ctrl-A.
You closely miss the orc warrior.
You claw the orc warrior, but do no damage.
You barely miss the orc.
A kobold comes into view. It is wielding a +0 dagger.
You block the orc warrior's attack.
You barely miss the orc warrior.
The kobold shouts!
Your kick misses the orc warrior.
Your shield prevents you from hitting the orc.
You hit something. The orc hits you with a +0 short sword.
You hear some strange, mumbled words.
You are confused.
The orc warrior barely misses you.
Some of the chunks of flesh in your inventory have rotted away.
You are too confused!
You are too confused!
Sorry, you're not good enough to have a special ability.
It was a potion of cancellation.
Your magical effects are unravelling.
You feel magically purged.
You feel less confused. The orc hits you but does no damage.
Something hits you but does no damage.
You barely miss the orc warrior. You claw the orc warrior. You hit the orc.
You closely miss something.
The orc warrior hits you with a +0 battleaxe!
The orc hits you with a +0 short sword.
You hear some strange, mumbled words.
A magic dart appears from out of thin air!
The magic dart hits you but does no damage.
The orc hits you but does no damage. Something hits you but does no damage.
The orc warrior hits you with a +0 battleaxe!
* * * LOW HITPOINT WARNING * * *
It was a potion of brilliance.
You feel clever all of a sudden. You block the orc's attack.
You hear some strange, mumbled words.
A puff of flame appears from out of thin air!
The puff of flame hits you!
You die...

# #.#.......#... #
#.#.......#..#
#####.#.......#..#
)...#.#.......#..####
....#.#....oo.#.....
....#.##..o..##...#
....#.###o⌠$###...#
....#..#######....#
.....#........÷#@o#
.....#####.#####o{#
##..... ...# #oK#
##.#.#.#.#.# #..#
.#.#.#.#.#.# #..#
.#.#.# # ... #..#
.#.#.. ... #...
.#.### ... #... ...#


You could see an orc warrior, 2 orcs and a kobold.

Vanquished Creatures
  Terence (D:2)
  3 gnolls (D:2)
  A worm (D:2)
  A leopard gecko (D:2)
  A giant cockroach (D:1)
  5 goblins
  3 hobgoblins (D:1)
  4 jackals (D:1)
  4 bats
  2 frilled lizards (D:2)
  3 kobolds
  3 rats
31 creatures vanquished.

Notes
Turn   | Place    | Note
-------+----------+-------------------------------------------
     0 | D:1      | FluffierThanThou the Demonspawn Fighter began the quest for
                  | the Orb.
     0 | D:1      | Reached XP level 1. HP: 18/18 MP: 1/1
   375 | D:1      | Gained mutation: You have sharp toenails. [demonic
                  | ancestry]
   375 | D:1      | Reached XP level 2. HP: 22/24 MP: 2/2
   726 | D:2      | HP: 1/24 [gnoll/+0 spear (5)]
   727 | D:2      | Reached XP level 3. HP: 1/29 MP: 3/3
   733 | D:1      | HP: 1/29 [kobold (1)]
  1168 | D:2      | Noticed Terence
  1178 | D:2      | Killed Terence
  1178 | D:2      | Reached skill level 4 in Fighting
  1178 | D:2      | Reached XP level 4. HP: 37/37 MP: 4/4
  1266 | D:2      | Noticed an orc warrior
  1272 | D:2      | Killed from afar by an orc wizard

Levels and vault maps discovered:
D:1:      lemuel_arrival_cross, layout_basic
D:2:      cheibrodos_pilgrimage, layout_basic, first_ration, uniq_terence

Skill      XL: |  1  2  3 |
---------------+----------+-----
Axes           | 2 |  2.4
Armour         | 3 |  3.1
Shields        | 3 |  3.2
Fighting       | 4 |  4.0

Action                   |  1- 3 |  4- 6 || total
-------------------------+-------+-------++-------
Melee: War axe           |    61 |    12 ||    73
       Kick              |    14 |     3 ||    17
  Use: Potion            |     3 |     2 ||     5
  Eat: Chunk             |     1 |       ||     1
Armor: Scale mail        |    47 |     7 ||    54
Dodge: Dodged            |    29 |     3 ||    32
Block: Shield            |    48 |     7 ||    55
